EVO
UNIVERSITY OF ILLINOIS FIGHTING ILLINI @ WICHITA STATE UNIVERSITY SHOCKERS
11/27/2046
 
TOP OF THE 1ST
University of Illinois Fighting Illini batting - Pitching for Wichita State University Shockers : LHP Randolph Main
Pitching: LHP Randolph Main
Batting: SHB Ernesto Mazas 0-0: Foul Ball, location: 2F
0-1: Ball
1-1: Foul Ball, location: 2F
1-2: Ball
2-2: Ball
3-2: Fly out, F3 (Popup, 3, EV 63.8 MPH)
Batting: SHB Dan Strickland 0-0: Ball
1-0: Foul Ball, location: 2F
1-1: Called Strike
1-2: Ball
2-2: Ball
3-2: Foul Ball, location: 2F
3-2: Ground out 5-3 (Groundball, 56, EV 103.1 MPH)
Batting: LHB Bill Kovac 0-0: Ball
1-0: Called Strike
1-1: Swinging Strike
1-2: Foul Ball, location: 2F
1-2: Strikes out swinging
Top of the 1st over - 0 runs, 0 hits, 0 errors, 0 left on base; University of Illinois 0 - Wichita State University 0
BOTTOM OF THE 1ST
Wichita State University Shockers batting - Pitching for University of Illinois Fighting Illini : RHP Shitoshi Sai
Pitching: RHP Shitoshi Sai
Batting: RHB Ryan LeSueur 0-0: Swinging Strike
0-1: SINGLE (Groundball, 56D, EV 99.4 MPH)
Batting: RHB Adam McMillen 0-0: Ball
1-0: Foul Ball, location: 2F
1-1: Swinging Strike
1-2: Strikes out swinging
Batting: RHB David Bousfield 0-0: Ball
1-0: Single, Error in OF, E8, batter to second base (Groundball, 4, EV 99.4 MPH)
Ryan LeSueur to third
Batting: RHB Juan Nieves 0-0: Ball
1-0: SINGLE (Popup, 34D, EV 54.4 MPH)
Ryan LeSueur scores
David Bousfield to third
Batting: RHB Tony Gonzales 0-0: Foul Ball, location: 2F
0-1: Swinging Strike
0-2: Ball
1-2: Ball
2-2: Foul Ball, location: 2F
2-2: Ball
3-2: Fly out, F8 (Flyball, 8RD, EV 93.1 MPH)
Batting: RHB Perry Renouf 0-0: Ball
1-0: Foul Ball, location: 2F
1-1: Fly out, F8 (Flyball, 8RM, EV 87.5 MPH)
Bottom of the 1st over - 1 run, 3 hits, 1 error, 2 left on base; University of Illinois 0 - Wichita State University 1
TOP OF THE 2ND
University of Illinois Fighting Illini batting - Pitching for Wichita State University Shockers : LHP Randolph Main
Batting: LHB Fumito Sakurai 0-0: Ball
1-0: Swinging Strike
1-1: Foul Ball, location: 2F
1-2: Strikes out swinging
Batting: RHB Hugo Priego 0-0: Ball
1-0: SOLO HOME RUN (Flyball, 7D, EV 97.5 MPH), Distance : 377 ft
Batting: LHB Alex Rivera 0-0: Swinging Strike
0-1: Foul Ball, location: 2F
0-2: Strikes out swinging
Batting: RHB Fernando Acosta 0-0: Ball
1-0: Swinging Strike
1-1: Ball
2-1: Called Strike
2-2: Strikes out swinging
Top of the 2nd over - 1 run, 1 hit, 0 errors, 0 left on base; University of Illinois 1 - Wichita State University 1
BOTTOM OF THE 2ND
Wichita State University Shockers batting - Pitching for University of Illinois Fighting Illini : RHP Shitoshi Sai
Batting: RHB Juan Mercado 0-0: Called Strike
0-1: Foul Ball, location: 2F
0-2: Ball
1-2: Strikes out looking
Batting: RHB Aaron Sartini 0-0: Ball
1-0: Foul Ball, location: 2F
1-1: Foul Ball, location: 2F
1-2: Foul Ball, location: 2F
1-2: Ground out 1-3 (Groundball, 13, EV 76.9 MPH)
Batting: LHB Andrew Moore 0-0: Ball
1-0: Foul Ball, location: 2F
1-1: Swinging Strike
1-2: Ball
2-2: Foul Ball, location: 2F
2-2: Strikes out swinging
Bottom of the 2nd over - 0 runs, 0 hits, 0 errors, 0 left on base; University of Illinois 1 - Wichita State University 1
TOP OF THE 3RD
University of Illinois Fighting Illini batting - Pitching for Wichita State University Shockers : LHP Randolph Main
Batting: LHB Javy Rueda 0-0: Ground out 4-3 (Groundball, 4, EV 83.1 MPH)
Batting: RHB Oscar Ramirez 0-0: Fly out, F9 (Flyball, 89M, EV 79.4 MPH)
Batting: SHB Ernesto Mazas 0-0: Called Strike
0-1: Ball
1-1: Called Strike
1-2: Strikes out swinging
Top of the 3rd over - 0 runs, 0 hits, 0 errors, 0 left on base; University of Illinois 1 - Wichita State University 1
BOTTOM OF THE 3RD
Wichita State University Shockers batting - Pitching for University of Illinois Fighting Illini : RHP Shitoshi Sai
Batting: RHB Ryan LeSueur 0-0: Ball
1-0: Fly out, F4 (Popup, 34S, EV 76.9 MPH)
Batting: RHB Adam McMillen 0-0: Ball
1-0: Foul Ball, location: 2F
1-1: Foul Ball, location: 2F
1-2: Ball
2-2: Fly out, F8 (Flyball, 8RM, EV 93.8 MPH)
Batting: RHB David Bousfield 0-0: SINGLE (Groundball, 6MD, EV 104.4 MPH)
Batting: RHB Juan Nieves 0-0: Foul Ball, location: 2F
0-1: Ball
1-1: Ball
2-1: Ball
3-1: Foul Ball, location: 2F
3-2: Fly out, F7 (Flyball, 7, EV 85.0 MPH)
Bottom of the 3rd over - 0 runs, 1 hit, 0 errors, 1 left on base; University of Illinois 1 - Wichita State University 1
TOP OF THE 4TH
University of Illinois Fighting Illini batting - Pitching for Wichita State University Shockers : LHP Randolph Main
Batting: SHB Dan Strickland 0-0: Foul Ball, location: 2F
0-1: Ball
1-1: Swinging Strike
1-2: Ball
2-2: Ball
3-2: DOUBLE (Line Drive, 3D, EV 94.4 MPH)
Batting: LHB Bill Kovac 0-0: Ball
1-0: Ball
2-0: Foul Ball, location: 2F
2-1: Foul Ball, location: 2F
2-2: Strikes out swinging
Batting: LHB Fumito Sakurai 0-0: Called Strike
0-1: Foul Ball, location: 2F
0-2: Ground out 4-3 (Groundball, 4, EV 105.0 MPH)
Dan Strickland to third
Batting: RHB Hugo Priego 0-0: Ball
1-0: Fly out, F8 (Flyball, 8LS, EV 92.5 MPH)
Top of the 4th over - 0 runs, 1 hit, 0 errors, 1 left on base; University of Illinois 1 - Wichita State University 1
BOTTOM OF THE 4TH
Wichita State University Shockers batting - Pitching for University of Illinois Fighting Illini : RHP Shitoshi Sai
Batting: RHB Tony Gonzales 0-0: Called Strike
0-1: SINGLE (Flyball, 34D, EV 96.9 MPH)
Batting: RHB Perry Renouf 0-0: Called Strike
0-1: Called Strike
0-2: Strikes out looking
Batting: RHB Juan Mercado 0-0: Called Strike
0-1: Foul Ball, location: 2F
0-2: Ball
1-2: Ball
2-2: Strikes out looking
Batting: RHB Aaron Sartini 0-0: Ball
1-0: Called Strike
1-1: Foul Ball, location: 2F
1-2: Foul Ball, location: 2F
1-2: Strikes out swinging
Bottom of the 4th over - 0 runs, 1 hit, 0 errors, 1 left on base; University of Illinois 1 - Wichita State University 1
TOP OF THE 5TH
University of Illinois Fighting Illini batting - Pitching for Wichita State University Shockers : LHP Randolph Main
Batting: LHB Alex Rivera 0-0: Called Strike
0-1: Foul Ball, location: 2F
0-2: Ball
1-2: Ball
2-2: Ball
3-2: Ground out 4-3 (Groundball, 34, EV 86.9 MPH)
Batting: RHB Fernando Acosta 0-0: Ball
1-0: Ball
2-0: Ball
3-0: Called Strike
3-1: Swinging Strike
3-2: Strikes out swinging
Batting: LHB Javy Rueda 0-0: Called Strike
0-1: Ball
1-1: Ball
2-1: SINGLE (Groundball, 6MD, EV 108.1 MPH)
Batting: RHB Oscar Ramirez 0-0: Called Strike
0-1: Called Strike
0-2: Ball
1-2: SINGLE (Line Drive, 9S, EV 91.9 MPH)
Javy Rueda to second
Runner from 2nd tries for 3rd, SAFE, throw by RF made to third
Batting: SHB Ernesto Mazas 0-0: Ball
1-0: Ball
2-0: Ball
3-0: Foul Ball, location: 2F
3-1: Called Strike
3-2: Base on Balls
Oscar Ramirez to second
Pitching: LHP Tyler Thackeray
Batting: SHB Dan Strickland 0-0: Foul Ball, location: 2F
0-1: Foul Ball, location: 2F
0-2: Foul Ball, location: 2F
0-2: Foul Ball, location: 2F
0-2: Ball
1-2: Ball
2-2: Ball
3-2: Foul Ball, location: 2F
3-2: Ground out U3 (Groundball, 34D, EV 105.0 MPH)
Top of the 5th over - 0 runs, 2 hits, 0 errors, 3 left on base; University of Illinois 1 - Wichita State University 1
BOTTOM OF THE 5TH
Wichita State University Shockers batting - Pitching for University of Illinois Fighting Illini : RHP Shitoshi Sai
Batting: LHB Andrew Moore 0-0: Ball
1-0: Called Strike
1-1: Ball
2-1: Called Strike
2-2: Strikes out swinging
Batting: RHB Ryan LeSueur 0-0: Swinging Strike
0-1: Foul Ball, location: 2F
0-2: Strikes out swinging
Batting: RHB Adam McMillen 0-0: Ball
1-0: Ball
2-0: Fly out, F9 (Flyball, 9LM, EV 93.1 MPH)
Bottom of the 5th over - 0 runs, 0 hits, 0 errors, 0 left on base; University of Illinois 1 - Wichita State University 1
TOP OF THE 6TH
University of Illinois Fighting Illini batting - Pitching for Wichita State University Shockers : LHP Tyler Thackeray
Batting: LHB Bill Kovac 0-0: Fly out, F8 (Line Drive, 78M, EV 95.0 MPH)
Batting: LHB Fumito Sakurai 0-0: Ball
1-0: Foul Ball, location: 2F
1-1: Ball
2-1: Ball
3-1: Called Strike
3-2: Fly out, F8 (Line Drive, 8RS, EV 97.5 MPH)
Batting: RHB Hugo Priego 0-0: Ball
1-0: Called Strike
1-1: Ball
2-1: Called Strike
2-2: Foul Ball, location: 2F
2-2: Fly out, F7 (Flyball, 7LS, EV 86.9 MPH)
Top of the 6th over - 0 runs, 0 hits, 0 errors, 0 left on base; University of Illinois 1 - Wichita State University 1
BOTTOM OF THE 6TH
Wichita State University Shockers batting - Pitching for University of Illinois Fighting Illini : RHP Shitoshi Sai
Batting: RHB David Bousfield 0-0: Ball
1-0: Foul Ball, location: 2F
1-1: Ball
2-1: TRIPLE (Flyball, 9D, EV 95.0 MPH)
Batting: RHB Juan Nieves 0-0: Intentional Walk
Batting: RHB Tony Gonzales 0-0: DOUBLE (Line Drive, 89D, EV 105.6 MPH)
David Bousfield scores
Juan Nieves to third
Batting: RHB Perry Renouf 0-0: Intentional Walk
Pitching: RHP Luis Stuit
Batting: RHB Juan Mercado 0-0: Ball
1-0: Called Strike
1-1: Fly out, F9 (Flyball, 9LD, EV 98.1 MPH)
Runner from 3rd tags up, SCORES, throw by RF
Tony Gonzales to third
Batting: RHB Aaron Sartini 0-0: Ball
1-0: Ball
Perry Renouf is caught stealing 2nd base 2-4
2-0: Intentional Walk
Batting: LHB Andrew Moore 0-0: Called Strike
0-1: Ball
1-1: Fly out, F7 (Flyball, 7, EV 80.6 MPH)
Bottom of the 6th over - 2 runs, 2 hits, 0 errors, 2 left on base; University of Illinois 1 - Wichita State University 3
TOP OF THE 7TH
University of Illinois Fighting Illini batting - Pitching for Wichita State University Shockers : LHP Tyler Thackeray
Pitching: RHP Dave Brazil
Batting: LHB Alex Rivera 0-0: Ball
1-0: Ball
2-0: Foul Ball, location: 2F
2-1: Foul Ball, location: 2F
2-2: Ball
3-2: Base on Balls
Pinch Hitting: RHB Alejandro Collazo 0-0: Ball
1-0: Called Strike
1-1: Grounds into double play, 4-6-3 (Groundball, 4M, EV 93.8 MPH)
Batting: LHB Javy Rueda 0-0: Foul Ball, location: 2F
0-1: Called Strike
0-2: Strikes out looking
Top of the 7th over - 0 runs, 0 hits, 0 errors, 0 left on base; University of Illinois 1 - Wichita State University 3
BOTTOM OF THE 7TH
Wichita State University Shockers batting - Pitching for University of Illinois Fighting Illini : RHP Luis Stuit
Now at SS: Alejandro Collazo
Batting: RHB Ryan LeSueur 0-0: Ball
1-0: Swinging Strike
1-1: Ball
2-1: Ball
3-1: Base on Balls
Batting: RHB Adam McMillen 0-0: Sac Bunt to P - play at first, batter OUT! 1-3
Ryan LeSueur to second
Batting: RHB David Bousfield 0-0: Foul Ball, location: 2F
0-1: Ball
1-1: Ground out 4-3 (Groundball, 4, EV 101.9 MPH)
Ryan LeSueur to third
Batting: RHB Juan Nieves 0-0: Intentional Walk
Batting: RHB Tony Gonzales 0-0: Foul Ball, location: 2F
0-1: Ball
1-1: Fielders Choice at 2nd, 5-4 (Groundball, 56, EV 85.6 MPH)
Bottom of the 7th over - 0 runs, 0 hits, 0 errors, 2 left on base; University of Illinois 1 - Wichita State University 3
TOP OF THE 8TH
University of Illinois Fighting Illini batting - Pitching for Wichita State University Shockers : RHP Dave Brazil
Pinch Hitting: LHB Antonio Sandoval 0-0: Called Strike
0-1: Foul Ball, location: 2F
0-2: Ball
1-2: SINGLE (Groundball, 6D, EV 106.9 MPH)
Pinch Hitting: LHB Clint Hanninen 0-0: Sac Bunt to 13 - play at first, batter OUT! 1-3
Antonio Sandoval to second
Batting: SHB Dan Strickland 0-0: Ball
1-0: SINGLE (Line Drive, 56D, EV 94.4 MPH)
Antonio Sandoval to third
Pitching: RHP Boboy Cacabelos
Batting: LHB Bill Kovac 0-0: Ball
1-0: Ball
2-0: Ball
3-0: Base on Balls
Dan Strickland to second
Batting: LHB Fumito Sakurai 0-0: Swinging Strike
0-1: Ball
1-1: Fly out, F9 (Line Drive, 9LM, EV 108.8 MPH)
Batting: RHB Hugo Priego 0-0: Ball
1-0: Foul Ball, location: 2F
1-1: Foul Ball, location: 2F
1-2: Strikes out swinging
Top of the 8th over - 0 runs, 2 hits, 0 errors, 3 left on base; University of Illinois 1 - Wichita State University 3
BOTTOM OF THE 8TH
Wichita State University Shockers batting - Pitching for University of Illinois Fighting Illini : RHP Luis Stuit
Now at 2B: Clint Hanninen
Now in CF: Antonio Sandoval
Batting: RHB Perry Renouf 0-0: Ball
1-0: Ball
2-0: Ball
3-0: Base on Balls
Batting: SHB Sammar Wambugu 0-0: Sac Bunt to 13S - play at first, batter OUT! 1-3
Perry Renouf to second
Batting: RHB Aaron Sartini 0-0: Intentional Walk
Batting: LHB Andrew Moore 0-0: Hit by Pitch
Perry Renouf to third
Aaron Sartini to second
Batting: RHB Ryan LeSueur 0-0: Ball
1-0: Called Strike
1-1: Ball
2-1: Ball
3-1: Base on Balls
Perry Renouf scores
Aaron Sartini to third
Andrew Moore to second
Pitching: RHP Marc Marchand
Batting: RHB Adam McMillen 0-0: Ball
1-0: Ball
2-0: Ball
3-0: Called Strike
3-1: Base on Balls
Aaron Sartini scores
Andrew Moore to third
Ryan LeSueur to second
Batting: RHB David Bousfield 0-0: Foul Ball, location: 2F
0-1: Ball
1-1: Ball
2-1: Foul Ball, location: 2F
2-2: Ball
3-2: Reached via error on a dropped throw from 2B, E6 (Groundball, 4, EV 100.0 MPH)
Andrew Moore scores
Ryan LeSueur to third
Adam McMillen to second
Batting: RHB Juan Nieves 0-0: Fly out, F8 (Line Drive, 8LS, EV 98.1 MPH)
Runner from 3rd tags up, SCORES, throw by CF
Batting: RHB Tony Gonzales 0-0: Ball
1-0: SINGLE (Line Drive, 8RS, EV 106.2 MPH)
Adam McMillen to third
David Bousfield to second
Runner from 3rd tries for Home, SAFE, throw by CF to home
Batting: RHB Perry Renouf 0-0: Called Strike
0-1: Called Strike
0-2: Ball
1-2: Ball
2-2: Ground out 4-3 (Groundball, 4, EV 87.5 MPH)
Bottom of the 8th over - 5 runs, 1 hit, 1 error, 2 left on base; University of Illinois 1 - Wichita State University 8
TOP OF THE 9TH
University of Illinois Fighting Illini batting - Pitching for Wichita State University Shockers : RHP Boboy Cacabelos
Pinch Hitting: RHB Mustafa bin Gamali 0-0: Called Strike
0-1: Ball
1-1: Called Strike
1-2: Strikes out swinging
Batting: RHB Alejandro Collazo 0-0: Ball
1-0: Fly out, F6 (Popup, 6M, EV 75.6 MPH)
Batting: LHB Javy Rueda 0-0: Ball
1-0: Swinging Strike
1-1: Foul Ball, location: 2F
1-2: Ball
2-2: Ball
3-2: Foul Ball, location: 2F
3-2: Base on Balls
Batting: LHB Antonio Sandoval 0-0: Ball
1-0: Ball
2-0: Ball
3-0: Called Strike
3-1: Ground out 4-3 (Groundball, 4S, EV 86.9 MPH)
Top of the 9th over - 0 runs, 0 hits, 0 errors, 1 left on base; University of Illinois 1 - Wichita State University 8
Tuesday, September 13th , 2022 - OOTP Baseball 23.7 Build 88